 Dungeon Crawl Stone Soup version 0.22.1-2-g9c5b331 (webtiles) character file.

267 mistaalex the Shield-Bearer (level 6, -2/53 HPs)
             Began as a Hill Orc Fighter on Nov 15, 2018.
             Killed from afar by an orc wizard (11 damage)
             ... with a puff of flame
             ... on level 4 of the Dungeon.
             The game lasted 00:15:24 (2524 turns).

mistaalex the Shield-Bearer (Hill Orc Fighter)      Turns: 2524, Time: 00:15:27

Health: -2/53      AC:  8    Str: 17 (20) XL:     6   Next: 21%
Magic:  6/6        EV:  8    Int:  5 (8)  God:
Gold:   163        SH:  9    Dex:  9 (11) Spells: 5/5 levels left

rFire    . . .     SeeInvis .   a - +0 long sword
rCold    . . .     Gourm    .   c - +0 shield
rNeg     . . .     Faith    .   b - +0 scale mail
rPois    .         Spirit   .   (helmet restricted)
rElec    .         Reflect  .   e - +0 cloak
rCorr    .         Harm     .   (no gloves)
MR       .....                  (no boots)
Stlth    ..........             (no amulet)
HPRegen  0.17/turn              (no ring)
MPRegen  0.10/turn              (no ring)

@: no status effects
A: beak
a: no special abilities


You were on level 4 of the Dungeon.
You were not hungry.

You visited 1 branch of the dungeon, and saw 4 of its levels.

You collected 163 gold pieces.

Inventory:

Hand Weapons
 a - a +0 long sword (weapon)
Armour
 b - a +0 scale mail (worn)
 c - a +0 shield (worn)
 e - a +0 cloak (worn)
 j - a +0 helmet
Scrolls
 g - 2 scrolls of identify
 h - a scroll of teleportation {unknown}
 k - 2 scrolls of fog {unknown}
Potions
 d - a potion of degeneration
 i - a potion of heal wounds
Comestibles
 f - 2 rations


   Skills:
 + Level 4.4 Fighting
 + Level 4.2 Long Blades
 + Level 4.3 Armour
 + Level 1.4 Dodging
 + Level 4.6 Shields


You had 5 spell levels left.
You didn't know any spells.
Your spell library was empty.

Dungeon Overview and Level Annotations

Branches:
Dungeon (4/15)
 Temple: D:4-7

Altars:

Annotations:
D:3 Natasha


Innate Abilities, Weirdness & Mutations

You have a beak for a mouth.


Message History

You hear some strange, mumbled words.
A puff of flame appears from out of thin air!
The puff of flame hits you!
* * * LOW HITPOINT WARNING * * *
You miss something. Your peck misses something. You block something's attack.
Something hits you.
* * * LOW HITPOINT WARNING * * *
Your shield and scale mail prevent you from hitting something.
The orc wizard points at you and mumbles some strange words.
The magic dart hits something.
Reactivating autopickup.
You feel a bit more experienced. Something hits you.
* * * LOW HITPOINT WARNING * * *
Deactivating autopickup; reactivate with Ctrl-A.
The orc wizard begins to cast a cantrip, but forgets the words!
You block the orc's attack.
You hear some strange, mumbled words.
A puff of flame appears from out of thin air!
The puff of flame hits you!
You die...

......#o# #########
......#.# #.(.....#
......#o######.#####.#
......#........# #.#
#...######## #.#
#.....#### #.#
#......?.# #.#
#........### #.#
#..>....oo@# #.#
#.......o{## #.#
#.........# #.#
#.........# #.#
#.........#### #.#
#.........#..# #.#
######....#..###.#
######......# #.######


You could see an orc wizard and 2 orcs.

Vanquished Creatures
  A sky beast (D:3)
  Natasha (D:3)
  6 adders
  2 oozes
  2 worms
  A dart slug (D:1)
  A leopard gecko (D:1)
  An orc (D:3)
  4 giant cockroaches
  5 hobgoblins
  10 jackals
  5 kobolds
  A quokka (D:3)
  A ball python (D:1)
  7 bats
  7 goblins
  8 rats
63 creatures vanquished.

Vanquished Creatures (others)
  An orc wizard (D:4)
1 creature vanquished.

Grand Total: 64 creatures vanquished

Notes
Turn   | Place    | Note
-------+----------+-------------------------------------------
     0 | D:1      | mistaalex the Hill Orc Fighter began the quest for the Orb.
     0 | D:1      | Reached XP level 1. HP: 19/19 MP: 1/1
   137 | D:1      | Reached XP level 2. HP: 19/27 MP: 2/2
   524 | D:1      | Reached XP level 3. HP: 31/33 MP: 3/3
  1302 | D:2      | Noticed Natasha
  1350 | D:2      | Reached XP level 4. HP: 32/40 MP: 4/4
  1947 | D:3      | Killed Natasha
  1947 | D:3      | Reached skill level 1 in Dodging
  1947 | D:3      | Reached XP level 5. HP: 46/46 MP: 5/5
  2109 | D:3      | Noticed Natasha
  2219 | D:3      | Gained mutation: Your mind is acute. (Int +2) [potion of
                  | mutation]
  2219 | D:3      | Lost mutation: Your mind is acute. (Int +2) [potion of
                  | mutation]
  2219 | D:3      | Gained mutation: You have a beak for a mouth. [potion of
                  | mutation]
  2290 | D:3      | Noticed a sky beast
  2309 | D:3      | Killed a sky beast
  2309 | D:3      | Reached XP level 6. HP: 34/53 MP: 6/6
  2524 | D:4      | Killed from afar by an orc wizard

Skill      XL: |  1  2  3  4  5 |
---------------+----------------+-----
Fighting       | 4 |  4.4
Long Blades    | 3 4 |  4.2
Shields        | 4 |  4.6
Armour         | 4 |  4.3
Dodging        | 1 |  1.4

Action                   |  1- 3 |  4- 6 || total
-------------------------+-------+-------++-------
Melee: Long sword        |   135 |   132 ||   267
       Peck              |       |     8 ||     8
  Use: Scroll            |     1 |     3 ||     4
       Potion            |     1 |     6 ||     7
  Eat: Ration            |     1 |     1 ||     2
Armor: Scale mail        |    65 |    80 ||   145
       Skin              |       |    16 ||    16
Dodge: Dodged            |    48 |    59 ||   107
Block: Shield            |    81 |    81 ||   162
       Rpst.: Long sword |    16 |    17 ||    33
